 Dungeon Crawl Stone Soup version 0.25.0-26-g0c896c7 (webtiles) character file.

Game seed: 17778856141514388607

345 robertstho the Poker (level 6, 0/46 HPs)
             Began as a Merfolk Gladiator on July 2, 2020.
             Killed from afar by Dowan (8 damage)
             ... with a stone arrow
             ... on level 4 of the Dungeon.
             The game lasted 00:04:57 (2951 turns).

robertstho the Poker (Merfolk Gladiator)            Turns: 2951, Time: 00:04:57

Health: 0/46       AC: 10    Str: 16    XL:     6   Next: 58%
Magic:  6/6        EV:  5    Int:  7    God:
Gold:   161        SH:  5    Dex: 16    Spells: 5/5 levels left

rFire    . . .     SeeInvis .   a - +0 trident
rCold    . . .     Gourm    .   t - +2 buckler
rNeg     . . .     Faith    .   w - +0 chain mail
rPois    .         Spirit   .   c - +0 helmet
rElec    .         Reflect  .   (no cloak)
rCorr    .         Harm     .   (no gloves)
MR       .....                  o - +0 pair of boots
Stlth    ..........             (no amulet)
HPRegen  0.15/turn              e - ring of fire
MPRegen  0.10/turn              x - ring of ice

@: stab, extremely drained
A: change form in water, swift swim, stealthy swim
a: no special abilities


You were on level 4 of the Dungeon.
You were hungry.

You visited 1 branch of the dungeon, and saw 4 of its levels.

You collected 161 gold pieces.

Inventory:

Hand Weapons
 a - a +0 trident (weapon)
Missiles
 d - 3 throwing nets (quivered)
 n - 4 curare-tipped darts
Armour
 b - a +0 leather armour
 c - a +0 helmet (worn)
 o - a +0 pair of boots (worn)
 p - a +0 chain mail
 t - a +2 buckler (worn)
 w - a +0 chain mail (worn)
Jewellery
 e - a ring of fire (left hand)
 u - a +6 ring of intelligence
 x - a ring of ice (right hand)
Wands
 y - a wand of clouds (1)
Scrolls
 g - a scroll of amnesia {unknown}
 h - 3 scrolls of remove curse {unknown}
 j - a scroll of teleportation
 m - a scroll of magic mapping {unknown}
 r - a scroll of enchant armour
 v - a scroll of fog
Comestibles
 f - 5 rations
 i - 3 chunks of flesh


   Skills:
 + Level 2.9(0.0) Fighting
 + Level 7.7(0.0) Polearms
 + Level 2.2(0.0) Throwing
 + Level 1.7(0.0) Armour
 + Level 5.2(0.0) Dodging
 + Level 1.2(0.0) Stealth
 + Level 1.0(0.0) Shields


You had 5 spell levels left.
You didn't know any spells.
Your spell library was empty.

Dungeon Overview and Level Annotations

Branches:
Dungeon (4/15)
 Temple: D:4-7

Altars:
Ashenzari
Dithmenos
Elyvilon
Gozag
Kikubaaqudgha
Makhleb
Uskayaw
Wu Jian
Xom

Shops:
D:4 ?*

Annotations:
D:4 Dowan, Eustachio


Message History

Items here: % ) [ ÷ a +1 short sword of draining; a +0 leather armour; 3 chunks of flesh the elf skeleton of Duvessa
i - 3 chunks of flesh Dowan hits you but does no damage.
You closely miss Dowan.
Dowan gestures wildly while chanting.
Dowan blinks!
Dowan barely misses you.
You hit Dowan but do no damage. Dowan hits you but does no damage.
You block Dowan's attack.
You hit Dowan.
Dowan is lightly wounded.
Dowan hits you with a +0 dagger.
* * * LOW HITPOINT WARNING * * *
Dowan closely misses you.
You closely miss Dowan.
Dowan is lightly wounded.
Dowan gestures at you while chanting. The stone arrow hits you!
You die...

#⌠. # ..##... ##.## #
..∩ #.....# #..# ##. ⌠.
###..# ##.# #..###.
#### ### ###.#
##.....##... #####...#
#.........# ###.....###
#........# ###...#####
#........########...###
#...........@e....###
#........##########
#......†.# #.......##
≈........ .........
......... ...$.....#
.......


You could see Dowan (fast).

Vanquished Creatures
  Duvessa (D:4)
  A centaur (D:2)
  A bullfrog skeleton (D:4)
  3 adders
  2 oozes (D:1)
  5 worms
  3 dart slugs
  4 leopard geckos
  An orc (D:3)
  14 bats
  3 giant cockroaches
  2 hobgoblins (D:1)
  3 jackals (D:2)
  A quokka (D:2)
  7 frilled lizards
  12 goblins
  A jackal skeleton (D:4)
  10 kobolds
  3 rats
77 creatures vanquished.

Notes
Turn   | Place    | Note
-------+----------+-------------------------------------------
     0 | D:1      | robertstho the Merfolk Gladiator began the quest for the
                  | Orb.
     0 | D:1      | Reached XP level 1. HP: 16/16 MP: 1/1
   245 | D:1      | Reached XP level 2. HP: 22/22 MP: 2/2
   255 | D:1      | Reached skill level 5 in Polearms
   446 | D:1      | Reached XP level 3. HP: 27/27 MP: 3/3
  1050 | D:2      | Reached XP level 4. HP: 34/34 MP: 4/4
  1059 | D:2      | Found a shimmering altar of Xom.
  1059 | D:2      | Found an ancient bone altar of Kikubaaqudgha.
  1068 | D:2      | Found a shattered altar of Ashenzari.
  1123 | D:2      | Noticed a centaur
  1127 | D:2      | Found a white marble altar of Elyvilon.
  1142 | D:2      | Killed a centaur
  1142 | D:2      | Reached skill level 6 in Polearms
  1142 | D:2      | Reached skill level 1 in Armour
  1142 | D:2      | Reached skill level 5 in Dodging
  1142 | D:2      | Reached XP level 5. HP: 8/39 MP: 5/5
  1436 | D:2      | Reached skill level 1 in Stealth
  2007 | D:3      | Found a faded altar of an unknown god.
  2027 | D:3      | Reached skill level 7 in Polearms
  2486 | D:4      | Found a shadowy altar of Dithmenos.
  2486 | D:4      | Noticed Duvessa
  2486 | D:4      | Noticed Dowan
  2497 | D:4      | Found an ornate altar of the Wu Jian Council.
  2497 | D:4      | Found a hide-covered altar of Uskayaw.
  2498 | D:4      | Found an opulent altar of Gozag.
  2498 | D:4      | Found a burning altar of Makhleb.
  2529 | D:4      | Noticed Eustachio
  2583 | D:4      | Found Giff's Magic Scroll Emporium.
  2806 | D:3      | Found a burning altar of Makhleb.
  2898 | D:4      | Reached XP level 6. HP: 36/46 MP: 6/6
  2904 | D:4      | Found Tawk's General Store.
  2941 | D:4      | Killed Duvessa
  2941 | D:4      | Reached skill level 1 in Shields
  2951 | D:4      | Killed from afar by Dowan

Illustrated notes

Levels and vault maps discovered:
D:1:      minmay_arrival_five_plusses, layout_basic
D:2:      layout_rooms, evilmike_ruin_ashenzari, elyvilon_altar_5,
          gammafunk_temple_overflow_elements, minmay_liquid_box, st_stairs_10
D:3:      lemuel_upstairs_altar, layout_rooms,
          chequers_ecumenical_altar_simple_redux, dk_noncrumbling_4
D:4:      layout_rooms, nicolae_ru_path_of_blood,
          chequers_temple_overflow_statue_of_worship,
          minmay_temple_entry_nine_rooms, serial_shops, shop_fountains,
          shop_scrolls, nicolae_dithmenos_through_a_glass_darkly, uniq_duvessa,
          uniq_eustachio, uniq_crazy_yiuf_cottage

Skill      XL: |  1  2  3  4  5  6 |
---------------+-------------------+-----
Polearms       | 5 6 7 |  7.7
Armour         | 1 |  1.7
Dodging        | 5 |  5.2
Stealth        | 1 |  1.2
Shields        | 1 |  1.0
Fighting       | |  2.9
Throwing       | |  2.2

Action                   |  1- 3 |  4- 6 || total
-------------------------+-------+-------++-------
Melee: Trident           |   102 |   233 ||   335
  Use: Potion            |       |     7 ||     7
       Scroll            |       |     6 ||     6
 Stab: Sleeping          |     2 |     1 ||     3
  Eat: Chunk             |     1 |     5 ||     6
Armor: Leather armour    |    15 |    30 ||    45
       Chain mail        |       |   141 ||   141
Dodge: Dodged            |    54 |   139 ||   193
Block: Buckler           |       |    76 ||    76
